 Dungeon Crawl Stone Soup version 0.28.0-45-g0d030f2227 (webtiles) character file.

Game seed: 14200182337688820611

527 pkoi the Insei (level 6, -4/50 HPs)
             Began as a Demigod Gladiator on Apr 19, 2022.
             Slain by a black bear (10 damage)
             ... on level 5 of the Dungeon.
             The game lasted 00:05:08 (7388 turns).

pkoi the Insei (Demigod Gladiator)                  Turns: 7388, Time: 00:05:09

Health: -4/50      AC:  5    Str: 15    XL:     6   Next: 71%
Magic:  8/8        EV: 13    Int: 18    God:
Gold:   180        SH:  0    Dex: 15    Spells: 5/5 levels left

rFire   . . .      SeeInvis .   e - +1 short sword (venom)
rCold   . . .      Faith    .   (no shield)
rNeg    . . .      Spirit   .   a - +0 leather armour
rPois   .          Reflect  .   b - +0 helmet
rElec   .          Harm     .   i - +0 cloak
rCorr   .          Rampage  .   (no gloves)
Will    .....                   (no boots)
Stlth   +.........              (no amulet)
HPRegen 0.16/turn               (no ring)
MPRegen 0.11/turn               (no ring)

@: studying Ice Magic
A: high MP 1, forlorn, divine attributes
a: no special abilities


You were on level 5 of the Dungeon.
You visited 1 branch of the dungeon, and saw 5 of its levels.

You collected 180 gold pieces.

Inventory:

Hand Weapons
 e - a +1 short sword of venom (weapon)
 q - a +0 rapier
Missiles
 c - 3 throwing nets (quivered)
Armour
 a - a +0 leather armour (worn)
 b - a +0 helmet (worn)
 i - a +0 cloak (worn)
Potions
 k - a potion of cancellation


   Skills:
 + Level 2.6 Fighting
 - Level 1.7 Throwing
 + Level 3.4 Dodging
 + Level 6.7 Unarmed Combat
 + Level 0.0 Spellcasting
 + Level 0.0 Ice Magic


You had 5 spell levels left.
You didn't know any spells.
Your spell library contained the following spells:

 Spells                   Type           Power      Damage    Failure   Level
 Animate Skeleton         Necr           0%         N/A       26%         1
 Pain                     Necr           0%         1d4       26%         1
 Vampiric Draining        Necr           0%         2d6       63%         3


Dungeon Overview and Level Annotations

Branches:
Dungeon (5/15)
 Temple: D:4-7

Shops:
D:5 (

Annotations:
D:4 Blork the orc
D:5 1 runed translucent door, issech's ghost, novice TrMo


Innate Abilities, Weirdness & Mutations

You have an increased reservoir of magic. (+10% MP)
You shall have no god before yourself.
Your divine heritage dramatically boosts your attributes as you level up.


Message History

The black bear barely misses you.
You barely miss the black bear.
The black bear is lightly wounded.
The black bear bites you.
* * * LOW HITPOINT WARNING * * *
The black bear claws you but does no damage. x2
Unknown command.
You hit the black bear.
The black bear looks as sick as possible!
The black bear is moderately wounded.
The black bear misses you.
The black bear claws you but does no damage.
The black bear claws you.
* * * LOW HITPOINT WARNING * * *
The black bear goes berserk!
The black bear rages.
You barely miss the black bear.
The black bear is almost dead.
The black bear bites you.
* * * LOW HITPOINT WARNING * * *
The black bear closely misses you. The black bear barely misses you.
The black bear bites you!
* * * LOW HITPOINT WARNING * * *
The black bear claws you.
* * * LOW HITPOINT WARNING * * *
The black bear completely misses you.
The black bear rages.
The black bear bites you!
* * * LOW HITPOINT WARNING * * *
The black bear misses you. The black bear closely misses you.
The black bear bites you.
* * * LOW HITPOINT WARNING * * *
The black bear closely misses you. The black bear misses you.
You closely miss the black bear.
The black bear is almost dead.
The black bear barely misses you. The black bear closely misses you.
The black bear claws you.
* * * LOW HITPOINT WARNING * * *
The black bear bites you!
You die...

... #...##.....##.. .##
##...##...##... #
##...##W##....
#####...###...#
#..............
#.#####.....##. #.#
###....###
#.###.###........# #
#......@h.#...##.#.#
#.###.######.###.#.#####
#.# #.###...>....
#.######.......#####
#........#######
########.# ###########
#.# #.........#
#.######### #.#######.#
#.........#


You could see a black bear (berserk, poisoned).

Vanquished Creatures
  An ogre (D:5)
  A phantom (D:5)
  A water moccasin skeleton (D:4)
  A crimson imp (D:4)
  A hound (D:5)
  A jelly (D:4)
  2 centaur skeletons
  2 gnolls (D:4)
  5 adders
  An ufetubus (D:3)
  An adder skeleton (D:4)
  4 worms
  A dart slug (D:2)
  4 orcs
  7 endoplasms
  10 giant cockroaches
  8 goblins
  4 hobgoblins
  2 jackals (D:2)
  11 kobolds
  8 ball pythons
  6 bats
  4 frilled lizards
  3 rats
89 creatures vanquished.

Notes
Turn   | Place    | Note
-------+----------+-------------------------------------------
     0 | D:1      | pkoi the Demigod Gladiator began the quest for the Orb.
     0 | D:1      | Reached XP level 1. HP: 17/17 MP: 3/3
    24 | D:1      | Reached skill level 3 in Unarmed Combat
   295 | D:1      | Reached XP level 2. HP: 22/24 MP: 4/4
  1886 | D:2      | Reached XP level 3. HP: 16/29 MP: 5/5
  2037 | D:2      | Reached skill level 4 in Unarmed Combat
  3080 | D:3      | Reached XP level 4. HP: 31/36 MP: 6/6
  4104 | D:3      | Reached skill level 5 in Unarmed Combat
  4989 | D:4      | Reached XP level 5. HP: 26/41 MP: 7/7
  5229 | D:4      | Reached skill level 6 in Unarmed Combat
  6163 | D:4      | Noticed Blork the orc
  6367 | D:5      | Entered Level 5 of the Dungeon
  6380 | D:5      | Reached XP level 6. HP: 32/48 MP: 8/8
  6939 | D:5      | Found Lovu's Antique Weapon Boutique.
  7318 | D:5      | Identified a scroll of acquirement
  7318 | D:5      | Acquired a manual of Ice Magic
  7361 | D:5      | Noticed issech's ghost (novice TrMo)
  7363 | D:5      | Found a runed translucent door.
  7388 | D:5      | Slain by a black bear

Illustrated notes

Levels and vault maps discovered:
D:1:      enne_arrival_octagon_isle, layout_basic,
          hellmonk_ecumenical_altar_inner_sanctum, minmay_worlds_worst_comb
D:2:      layout_basic
D:3:      layout_rooms, lemuel_round_altar, mainiacjoe_overflow_24_doors
D:4:      layout_cave_pods, grunt_temple_overflow_lords_of_destruction,
          lemuel_crystal_altar, uniq_blork_the_orc
D:5:      layout_loops_corners, xom_butterflies, marbit_many_paths,
          serial_shops, shop, nicolae_shop_trees, nicolae_shop_stone,
          kennysheep_mini_moat, hellmonk_ghost_happy_afterlife,
          guppyfry_shop_venom

Skill      XL: |  1  2  3  4  5 |
---------------+----------------+-----
Unarmed Combat | 3 4 5 6 |  6.7
Fighting       | 2 |  2.6
Dodging        | 3 |  3.4
Throwing       | |  1.7

Action                   |  1- 3 |  4- 6 || total
-------------------------+-------+-------++-------
Melee: Unarmed           |    66 |    13 ||    79
       Punch             |    10 |     3 ||    13
       Short sword       |   107 |   149 ||   256
  Use: Scroll            |       |    10 ||    10
 Stab: Sleeping          |     2 |       ||     2
Armor: Leather armour    |    50 |    58 ||   108
Dodge: Dodged            |   110 |   115 ||   225
